Map: Ulrena

Players

Nuke - Winner!

  • Race: Protoss Protoss
  • League: Silver
  • Spawn Location: 7:00

zidar

  • Race: Zerg Zerg
  • League: Silver
  • Spawn Location: 11:00

VOD

Have the link to the VOD?

Description

Time

  • Played on: Nov. 18, 2015, 2:19 p.m.
  • Length: 4:44
Show
View Real Time Build Order
Export as new Build Order

Nuke Protoss - Winner!

Build Orders:  

Get SALT Encoding   

  12  0:01  Probe (Chrono Boost)  
  13  0:11  Probe (Chrono Boost)  
  14  0:19  Pylon  
  14  0:23  Probe (Chrono Boost)  
  15  0:38  Gateway  
  15  0:40  Probe (Chrono Boost)  
  16  0:51  Probe (Chrono Boost)  
  16  0:54  Assimilator  
  17  1:03  Gateway  
  17  1:14  Probe (Chrono Boost)  
  18  1:25  Probe (Chrono Boost)  
  19  1:30  Cybernetics Core  
  19  1:34  Zealot  
  19  1:36  Probe (Chrono Boost)  
  22  1:50  Assimilator  
  22  2:07  Warp Gate (Chrono Boost)  
  22  2:28  Pylon  
  22  2:30  Pylon  
  22  2:46  Mothership Core, Stalker x2  
  28  3:01  Nexus  
  28  3:19  Stalker  
  30  3:20  Stalker  
  30  3:26  Probe  
  33  3:42  Pylon  
  33  3:59  Sentry  
  33  4:01  Adept  
  37  4:07  Stargate  
  37  4:13  Probe x2 (Chrono Boost)  
  39  4:23  Gateway  
  39  4:25  Stalker  
  39  4:26  Adept  
Show
View Real Time Build Order
Export as new Build Order

zidar Zerg 

Build Orders: Hatch First 

Get SALT Encoding   

  12  0:01  Drone  
  13  0:12  Overlord  
  13  0:17  Drone  
  14  0:30  Drone x2  
  16  0:37  Drone  
  17  0:56  Hatchery  
  16  0:58  Drone  
  17  1:04  Extractor  
  17  1:05  Drone  
  17  1:36  Drone  
  17  1:37  Spawning Pool  
  17  1:50  Drone  
  17  1:51  Drone x2  
  20  2:22  Drone x4  
  23  2:28  Queen  
  25  2:30  Queen  
  25  2:32  Overlord  
  25  2:34  Drone  
  28  2:59  Roach Warren  
  28  3:00  Extractor  
  28  3:01  Drone x5  
  30  3:24  Drone x2  
  30  3:25  Drone x3  
  35  3:34  Overlord  
  35  3:48  Overlord x2  
  35  3:54  Queen, Extractor  
  36  4:04  Overlord x2, Hatchery  
  35  4:10  Overlord x2  
  35  4:11  Overlord  
  35  4:30  Drone  
Tags
 
Matchup
PvZ
Spawn Locations
Close Positions
Add a new tag
Caveats
  • Supply blocks, unpowered buildings, or Contaminate may cause inaccurate times.
  • Supply counts are checked every 10 seconds.